FIQ, neutral male gnomish Wizard --------- ----------- |.......--- |.......<..### --------- |.........| #..........| |.......| |..........########|.........| |.......| |.........| |.........| |........##### ---........########..........| #...{....| # -.-.----- ---------|- -----.--- ### # # ####### # #+ ##### # #%# # # ### # ##############%########G# # #### ------------|-- -.-------.---.-- |.............| |*.............| |%!!*??!![*%[%| |..............| |(()[/!?%*/+%*| |..{...........| --------------- ---------------- FIQ the Conjurer Experience level: 3 Strength: 9 Dexterity: 8 Constitution: 11 Intelligence: 19 Wisdom: 19 Charisma: 9 Health: 19(29) Energy: 39(39) Def: 0 Gold: 150 Moves: 1093 Dungeon seed: ltU1L7Vw4WCYzdBi Game ID: FIQ_1465139779 Your Inventory: Coins $ - 150 gold pieces Weapons a - a blessed +1 quarterstaff (weapon in hands) f - an uncursed +2 aklys (alternate weapon; not wielded) Comestibles i - 2 uncursed lichen corpses l - an uncursed tin of newt meat q - an uncursed tripe ration Scrolls m - an uncursed scroll of teleportation Spellbooks b - a blessed spellbook of force bolt c - an uncursed spellbook of slow monster Potions k - 2 uncursed potions of water Wands d - an uncursed wand of nothing (0:6) h - an uncursed wand of light (0:13) Gems n - an uncursed worthless piece of yellow glass Spells and supernatural/magical abilities: Name Level Category Fail Memory a - force bolt 1 attack 0% 95% s - slow monster 2 enchantment 0% 95% W - pray for help -- divine ? -- Your skills at the end: Miscellaneous Skills wands [Basic] Weapon Skills quarterstaff [Basic] crossbow [Basic] Spellcasting Skills attack spells [Basic] enchantment spells [Basic] Final Attributes: You were devoutly aligned. You had infravision. You survived. Vanquished creatures: a gecko a giant rat a brown mold 4 jackals a fox a kobold 2 newts 2 goblins 4 sewer rats 3 grid bugs 4 lichens 24 creatures vanquished. Voluntary challenges: You did not adorn yourself with jewelry or accessories. You were an atheist. You used a wielded weapon 18 times, starting on turn 357. You did not use tools. You read items or engraved 6 times, starting on turn 397. You never genocided any monsters. You never polymorphed an object. You never changed form. You used no wishes. You never split a pudding. You never wrote Elbereth's name. You never violated your personal moral code. Dungeon overview: The Dungeons of Doom: levels 1 to 3 Level 1 some fountains a long staircase Level 2 a fountain Level 3 <- You were here a general store, some fountains History has recorded: On T:1 you entered the Dungeons of Doom to retrieve the Amulet of Yendor! On T:421 you reached level 2 of The Dungeons of Doom. On T:607 you advanced to experience level 2. On T:754 you reached level 3 of The Dungeons of Doom. On T:1068 you advanced to experience level 3. Score breakdown: Gold: 150 ( 15 points) Experience: 3 levels ( 200 points) Exploration: 3 levels ( 60 points) Discoveries: 3 items ( 150 points) Variety of kills: 11 monsters ( 550 points) Major goal: (nothing yet) ( 0 points) Survival: quit (score multiplied by 3) Total score: 2925 Latest messages: You hear bubbling water. You see here 8 rocks. The door resists! (7x) The door opens. You are beginning to feel hungry. You stop exploring. You hear someone cursing shoplifters. This door is locked. You stop exploring. (3x) The grid bug bites! You get zapped! A grid bug blocks your way. (3x) You kill the grid bug! (2x) You hit the brown mold. You are suddenly very cold! You kill the brown mold! Welcome to experience level 3. You stop exploring. The giant rat bites! A giant rat blocks your way. (3x) You hit the giant rat. The giant rat bites! You kill the giant rat! You see here a giant rat corpse. Wizard needs food, badly! You stop exploring. You feel too weak from hunger to explore. (4x) Final status: Goodbye FIQ the Wizard, quit... You quit in The Dungeons of Doom on dungeon level 3 with 2925 points, and 150 pieces of gold, after 1093 moves. You were level 3 with a maximum of 29 hit points when you quit.